Map: Oxide LE

Players

BigmakdeXUXU

  • Race: Terran Terran

Throwfordays - Winner!

  • Race: Terran Terran
  • League: Gold

VOD

Have the link to the VOD?

Description

Time

  • Played on: Aug. 27, 2021, 4:31 p.m.
  • Length: 5:32
Show
View Real Time Build Order
Export as new Build Order

BigmakdeXUXU Terran 

Build Orders:  

Get SALT Encoding   

  12  0:18  Refinery  
  12  0:22  Refinery  
  12  0:31  Supply Depot  
  12  0:49  SCV  
  13  1:01  SCV  
  14  1:11  Barracks  
  14  1:13  SCV  
  15  1:26  SCV, Barracks  
  16  1:39  SCV  
  17  1:51  SCV  
  18  2:03  SCV, Factory  
  19  2:15  Barracks Reactor, SCV  
  20  2:16  Barracks Reactor  
  20  2:22  Engineering Bay  
  19  2:54  Marine x2  
  21  3:12  Marine, Reaper  
  23  3:16  Reaper  
  23  3:20  Marine  
  23  3:33  Marine  
  23  3:38  Marine  
  23  3:41  Supply Depot  
  19  4:02  Reaper x2  
  13  4:16  Marine  
  8  4:34  Reaper  
Show
View Real Time Build Order
Export as new Build Order

Throwfordays Terran - Winner!

Build Orders:  

Get SALT Encoding   

  12  0:00  SCV  
  13  0:13  SCV  
  14  0:20  Supply Depot  
  14  0:25  Refinery  
  15  0:28  SCV  
  15  0:44  Barracks  
  15  0:51  Supply Depot  
  15  0:55  SCV  
  16  1:07  SCV  
  17  1:13  Refinery  
  17  1:19  SCV  
  18  1:31  SCV  
  19  1:33  Reaper  
  19  1:38  Barracks  
  20  1:43  SCV  
  21  1:55  SCV  
  22  2:05  Reaper  
  23  2:11  SCV  
  23  2:12  Barracks  
  24  2:16  Engineering Bay  
  24  2:23  SCV  
  25  2:42  Reaper  
  25  2:43  Reaper  
  27  2:50  Barracks  
  27  2:52  Terran Infantry Weapons Level 1  
  27  2:55  SCV  
  28  3:11  Reaper  
  29  3:43  Reaper  
  29  3:44  Reaper  
  31  4:14  Supply Depot  
  31  4:15  Supply Depot  
  31  4:35  Reaper x4  
  35  4:57  Factory  
Tags
 
League
Gold
Matchup
TvT
Race
Terran
Replay Pack
Multiplayer
Add a new tag
Caveats
  • Supply blocks, unpowered buildings, or Contaminate may cause inaccurate times.
  • Supply counts are checked every 10 seconds.